 Dungeon Crawl Stone Soup version 0.28-a0-533-g9f97627e2a (webtiles) character file.

Game seed: 7288386779672113687

13664 heikuro the Blocker (level 12, -11/95 HPs)
             Began as a Formicid Fighter on Sept 26, 2021.
             Was a High Priest of Okawaru.
             Mangled by a cyclops (22 damage)
             ... on level 12 of the Dungeon.
             The game lasted 00:24:29 (14753 turns).

heikuro the Blocker (Formicid Fighter)             Turns: 14753, Time: 00:24:29

Health: -11/95     AC: 18    Str: 27    XL:     12   Next: 35%
Magic:  0/18       EV: 16    Int: 10    God:    Okawaru [*****.]
Gold:   853        SH: 19    Dex: 11    Spells: 11/11 levels left

rFire   . . .      SeeInvis +   C - +6 battleaxe "Xoulloli" {drain, rC+ Str+4}
rCold   + . .      Faith    .   f - +0 tower shield
rNeg    . . .      Spirit   +   l - +3 scale mail
rPois   +          Reflect  .   (helmet unavailable)
rElec   .          Harm     .   M - +0 cloak {rPois}
rCorr   .          Rampage  .   u - +1 pair of gloves
Will    +....                   n - +0 pair of boots
Stlth   +.........              D - amulet of guardian spirit
HPRegen 0.25/turn               r - +4 ring of evasion
MPRegen 0.16/turn               N - +4 ring of slaying

@: heroic
A: permanent stasis, dig shafts and tunnels, antennae 3, four strong arms
a: Dig, Shaft Self, Renounce Religion, Heroism, Finesse, Duel


You were on level 12 of the Dungeon.
You worshipped Okawaru.
Okawaru was extremely pleased with you.
You visited 2 branches of the dungeon, and saw 13 of its levels.
You also visited: Bailey.

You collected 853 gold pieces.

Inventory:

Hand Weapons
 a - a +2 hand axe of freezing
 b - a +1 flail of draining
 e - a +0 bardiche
 B - a +0 morningstar of flaming
 C - the +6 battleaxe "Xoulloli" (weapon) {drain, rC+ Str+4}
   (Okawaru gifted it to you on level 11 of the Dungeon)

   A truly terrible weapon, it drains the life of any living foe it strikes.
   Str:       It affects your strength (+4).
   rC:        It protects you from cold.
Missiles
 p - 33 poisoned darts (quivered)
 t - a curare-tipped dart
 w - 4 throwing nets
 F - 3 boomerangs of dispersal
Armour
 f - a +0 tower shield (worn)
 h - a scarf of invisibility
 l - a +3 scale mail (worn)
 n - a +0 pair of boots (worn)
 u - a +1 pair of gloves (worn)
 G - a +0 chain mail of willpower
 M - a +0 cloak of poison resistance (worn)
Jewellery
 r - a +4 ring of evasion (left hand)
 y - a ring of willpower
 D - an amulet of guardian spirit (around neck)
 H - a ring of fire
 N - a +4 ring of slaying (right hand)
Wands
 i - a wand of iceblast (23)
 v - a wand of flame (5)
 A - a wand of digging (6)
 E - a wand of polymorph (5)
Scrolls
 c - a scroll of enchant armour {unknown}
 k - 3 scrolls of fog
 s - 6 scrolls of enchant weapon
 J - 3 scrolls of amnesia
 K - 2 scrolls of vulnerability
 P - a scroll of identify
Potions
 d - 3 potions of might
 g - 3 potions of attraction
 j - 6 potions of curing
 m - a potion of degeneration {unknown}
 o - 3 potions of flight {unknown}
 q - 2 potions of brilliance {unknown}
 x - a potion of magic {unknown}
 z - a potion of invisibility
 I - a potion of heal wounds {unknown}
 L - 2 potions of mutation
 O - a potion of cancellation {unknown}
 Q - a potion of lignification {unknown}


   Skills:
 + Level 9.0(14.0) Fighting
 + Level 8.8(13.8) Axes
 + Level 8.9(13.9) Armour
 * Level 12.2(17.2) Shields
 + Level 8.7 Invocations
 + Level 6.4 Evocations


You had 11 spell levels left.
You didn't know any spells.
Your spell library contained the following spells:

 Spells                   Type           Power      Damage    Failure   Level
 Apportation              Tloc           0%         N/A       56%         1
 Cause Fear               Hex            0%         N/A       100%        4
 Hailstorm                Conj/Ice       0%         3d3       100%        4
 Ice Form                 Ice/Tmut       0%         N/A       100%        4
 Blade Hands              Tmut           0%         N/A       100%        5
 Iron Shot                Conj/Erth      0%         9d1       100%        6
 Dragon Form              Tmut           0%         N/A       100%        7
 Animate Skeleton         Necr           Unusable   N/A       N/A         1
 Summon Small Mammal      Summ           Unusable   N/A       N/A         1
 Animate Armour           Summ/Erth      Unusable   N/A       N/A         4
 Simulacrum               Ice/Necr       Unusable   N/A       N/A         6
 Dragon's Call            Summ           Unusable   N/A       N/A         9

Dungeon Overview and Level Annotations

Branches:
Dungeon (12/15)            Temple (1/1) D:6            Lair (0/6) D:11
    Orc (0/2) D:11         Bailey (visited)

Altars:
Ashenzari
Cheibriados
Dithmenos
Elyvilon
Fedhas
Gozag
Hepliaklqana
Kikubaaqudgha
Makhleb
Nemelex Xobeh
Okawaru
Qazlal
Ru
Sif Muna
Trog
Uskayaw
Vehumet
Wu Jian
Xom
Yredelemnul
Zin
The Shining One

Shops:
D:1 !

Annotations:
D:7 2 transporters, clopto's ghost, amateur TrFi


Innate Abilities, Weirdness & Mutations

You cannot be hasted, slowed, berserked, paralysed or teleported.
You can dig through walls and to a lower floor.
You have a pair of large antennae on your head. (SInv)
Your four strong arms can wield two-handed weapons with a shield.


Message History

The seven-headed hydra is almost dead.
You block the unseen horror's attack. x2; The wraith misses you.
The seven-headed hydra bites you but does no damage.
The seven-headed hydra barely misses you.
The seven-headed hydra bites you.
You block the seven-headed hydra's attack.
The seven-headed hydra bites you!
You block the seven-headed hydra's attack. x2
You impale the seven-headed hydra!! You burn the seven-headed hydra.
You kill the seven-headed hydra!
Okawaru accepts your kill.
The unseen horror hits you but does no damage. x2
You block the wraith's attack.
The cyclops throws a large rock.
You block the large rock.
Your base Fighting skill increases to level 9!
Your +0 morningstar of flaming stops flaming.
You feel stronger.
You sense an unholy aura.
C - the +6 battleaxe "Xoulloli" (weapon)
{drain, rC+ Str+4} The unseen horror hits you but does no damage.
Unknown command.
You block the unseen horror's attack.
The cyclops hits you but does no damage.
You see here a hydra corpse.
Unknown command.
Your scale mail prevents you from hitting the wraith.
You slice the cyclops!! You block the unseen horror's attack.
You block the wraith's attack.
Unknown command.
You barely miss the wraith. You hit the cyclops. The unseen horror misses you.
You block the wraith's attack. The cyclops hits you!!
* * * LOW HITPOINT WARNING * * *
You block the unseen horror's attack.
Unknown command.
You carve the wraith like a ham!!!
You destroy the wraith!
Okawaru accepts your kill.
You slash the unseen horror! You completely miss the cyclops.
You block the unseen horror's attack. The cyclops hits you!!
You die...

...#..# #.# #. .. .....#
#.# #. ##. #...# #.# #.
.... #...####.########.
#....###.............[..
#.$..#........##########
#......_.##..##
...##..x##..# ..
##@###..# #C.#....
........# .......#.#
..........# ############


You could see a cyclops and an unseen horror (invisible).

Vanquished Creatures
  2 hydras (D:12)
  A boulder beetle (D:12)
  3 two-headed ogres
  Nergalle (D:11)
  An orc sorcerer (D:8)
  A manticore (D:11)
  A gargoyle (D:11)
  An unseen horror (D:11)
  Maggie (D:6)
  2 yaktaurs (shapeshifter) (D:10)
  A shadow (D:11)
  A wyvern (D:8)
  A wraith (D:12)
  4 yaks (D:11)
  2 steam dragons
  7 vampire mosquitoes
  A water moccasin (D:7)
  An acid dragon (D:10)
  18 orc warriors
  A black bear (D:8)
  A phantom (D:6)
  12 centaurs
  3 kobold brigands
  A bullfrog (D:8)
  A gnoll sergeant (D:11)
  A scorpion (D:5)
  A water moccasin zombie (D:6)
  6 killer bees (D:9)
  A howler monkey (D:8)
  6 electric eels (D:11)
  A crimson imp (D:9)
  3 hounds
  A jelly (D:7)
  8 orc priests
  A centaur zombie (D:8)
  A gnoll shaman (D:4)
  A centaur skeleton (D:7)
  11 orc wizards
  3 iguanas
  A killer bee zombie (D:8)
  A hound skeleton (D:4)
  3 howler monkey zombies (D:9)
  12 gnolls
  6 adders
  2 white imps
  2 ufetubi
  An adder skeleton (D:2)
  A worm (D:2)
  A dart slug (D:2)
  68 orcs
  5 ball pythons
  4 endoplasms
  2 giant cockroaches
  9 goblins
  7 hobgoblins
  19 kobolds
  7 quokkas
  5 bats
  4 frilled lizards
  7 rats
281 creatures vanquished.

Vanquished Creatures (others)
  An orc sorcerer (D:8)
  An orc (Bailey)
  33 plants (D:11)
35 creatures vanquished.

Grand Total: 316 creatures vanquished

Notes
Turn   | Place    | Note
-------+----------+-------------------------------------------
     0 | D:1      | heikuro the Formicid Fighter began the quest for the Orb.
     0 | D:1      | Reached XP level 1. HP: 18/18 MP: 1/1
   180 | D:1      | Reached XP level 2. HP: 22/24 MP: 2/2
   403 | D:1      | Found Joar's Distillery.
   640 | D:2      | Reached XP level 3. HP: 11/29 MP: 3/3
   921 | D:2      | Reached skill level 4 in Shields
  1140 | D:2      | Reached XP level 4. HP: 37/37 MP: 4/4
  1191 | D:2      | Found an iron altar of Okawaru.
  1200 | D:2      | Became a worshipper of Warmaster Okawaru
  1834 | D:3      | Reached XP level 5. HP: 36/42 MP: 5/5
  1835 | D:3      | Reached skill level 1 in Invocations
  2303 | D:3      | Found a faded altar of an unknown god.
  2525 | D:4      | Reached XP level 6. HP: 44/48 MP: 7/7
  3077 | D:4      | Found an opulent altar of Gozag.
  3290 | D:4      | Found a blossoming altar of Fedhas.
  3511 | D:5      | Entered Level 5 of the Dungeon
  3984 | D:5      | Reached XP level 7. HP: 42/55 MP: 8/8
  3989 | D:5      | Reached * piety under Okawaru
  4424 | D:5      | Reached skill level 5 in Shields
  5022 | D:6      | Reached skill level 5 in Axes
  5202 | D:6      | Noticed Maggie
  5220 | D:6      | Killed Maggie
  5221 | D:6      | Reached skill level 5 in Fighting
  5221 | D:6      | Reached skill level 5 in Armour
  5221 | D:6      | Reached XP level 8. HP: 35/62 MP: 8/10
  5493 | D:6      | Reached ** piety under Okawaru
  5603 | D:6      | Found a staircase to the Ecumenical Temple.
  5629 | Temple   | Entered the Ecumenical Temple
  5894 | D:6      | Found an ancient bone altar of Kikubaaqudgha.
  6140 | D:7      | Reached skill level 6 in Shields
  6174 | D:7      | Found a stormy altar of Qazlal.
  6228 | D:7      | You fall into a shaft and drop 2 floors!
  6489 | D:9      | Reached XP level 9. HP: 63/69 MP: 10/12
  6761 | D:9      | Reached skill level 7 in Shields
  6782 | D:9      | HP: 2/69 [orc warrior (12)]
  6789 | D:9      | Reached skill level 5 in Invocations
  6789 | D:9      | Reached skill level 1 in Evocations
  7397 | D:8      | Found a shadowy altar of Dithmenos.
  7398 | D:8      | Found a hazy altar of Hepliaklqana.
  7766 | D:7      | Reached *** piety under Okawaru
  7767 | D:7      | Reached skill level 8 in Shields
  8084 | D:8      | Reached XP level 10. HP: 33/77 MP: 6/14
  8322 | D:8      | Found a glowing golden altar of the Shining One.
  8739 | D:7      | Found a transporter.
  8744 | D:7      | Noticed clopto's ghost (amateur TrFi)
  8746 | D:7      | Noticed a moth of wrath
  8759 | D:7      | Found a transporter.
  8853 | D:8      | Noticed an orc sorcerer
  8853 | D:8      | Noticed an orc sorcerer
  9003 | D:8      | Killed an orc sorcerer
  9077 | D:8      | Noticed a smoke demon
  9081 | D:8      | Killed an orc sorcerer
  9082 | D:8      | Reached skill level 9 in Shields
  9865 | D:9      | Found a burning altar of Makhleb.
  9866 | D:9      | Found a radiant altar of Vehumet.
 10132 | D:10     | Entered Level 10 of the Dungeon
 10140 | D:10     | Noticed a cane toad
 10140 | D:10     | a golden eye changed into a cane toad
 10156 | D:10     | Noticed a yaktaur
 10156 | D:10     | a cane toad changed into a yaktaur
 10158 | D:10     | Killed a yaktaur
 10260 | D:10     | Noticed a two-headed ogre
 10260 | D:10     | Found a hide-covered altar of Uskayaw.
 10260 | D:10     | Found an ornate altar of the Wu Jian Council.
 10273 | D:9      | Killed a two-headed ogre
 10588 | D:10     | Noticed an unseen horror
 10594 | D:10     | Noticed a yaktaur
 10594 | D:10     | an unseen horror changed into a yaktaur
 10600 | D:10     | Killed a yaktaur
 10688 | D:10     | Found a basalt altar of Yredelemnul.
 10697 | D:10     | Found a shimmering blue altar of Sif Muna.
 10847 | D:11     | Noticed Nergalle
 10877 | D:11     | Killed Nergalle
 10877 | D:11     | Reached **** piety under Okawaru
 10878 | D:11     | Reached skill level 10 in Shields
 10878 | D:11     | Reached XP level 11. HP: 53/85 MP: 8/16
 10957 | D:11     | Noticed a manticore
 10976 | D:11     | Killed a manticore
 11038 | D:11     | Reached skill level 5 in Evocations
 11075 | D:11     | Found a flagged portal.
 11089 | Bailey   | Entered a bailey
 12157 | Bailey   | Reached skill level 11 in Shields
 12574 | Bailey   | Reached ***** piety under Okawaru
 13143 | D:11     | Noticed a two-headed ogre
 13150 | D:11     | Killed a two-headed ogre
 13371 | D:11     | Found a staircase to the Orcish Mines.
 13925 | D:11     | Noticed a two-headed ogre
 13935 | D:11     | Killed a two-headed ogre
 13935 | D:11     | Identified the +6 battleaxe "Xoulloli" {drain, rC+ Str+4}
                  | (Okawaru gifted it to you on level 11 of the Dungeon)
 13935 | D:11     | Received a gift from Okawaru
 13936 | D:11     | Reached XP level 12. HP: 76/94 MP: 14/18
 14009 | D:11     | Found a staircase to the Lair.
 14523 | D:12     | Noticed a boulder beetle
 14542 | D:12     | Killed a boulder beetle
 14567 | D:12     | Noticed a seven-headed hydra
 14568 | D:12     | Found a bloodstained altar of Trog.
 14577 | D:12     | Killed a seven-headed hydra
 14578 | D:12     | Reached skill level 12 in Shields
 14735 | D:12     | Noticed a seven-headed hydra
 14748 | D:12     | Killed a seven-headed hydra
 14753 | D:12     | Mangled by a cyclops

Illustrated notes

Levels and vault maps discovered:
D:1:      dpeg_arrival_radiant, layout_rooms, serial_shops,
          nicolae_shop_temple_entry_statues_fountains
D:2:      layout_loops_ring, basic_altar, minmay_pentomino_u4
D:3:      layout_basic, hellmonk_ecumenical_altar_leap_of_faith,
          amcnicky_mini_corridor_feature
D:4:      layout_rooms, mainiacjoe_overflow_chevrons, grunt_gozag_breadcrumbs,
          chequers_mini_garden, minmay_tree_intersection, minivault_1,
          grunt_ministairs_1, minmay_misc_feat_square
D:5:      layout_loops_ring
D:6:      layout_basic, kiku_gazebo_pond_becter, minmay_temple_entry_offerings,
          hangedman_glass_teeth, uniq_maggie
D:7:      layout_rooms, grunt_qazlal_sundering,
          gammafunk_ghost_berserking_beasts, minmay_misc_feat_x
D:8:      cheibrodos_wizards_tower, layout_cave_pods,
          riverfiend_overflow_shadow_ancestor, mainiacjoe_overflow_24_doors
D:9:      layout_small_grid, grunt_temple_overflow_lords_of_destruction
D:10:     layout_rooms, mainiacjoe_overflow_swirl,
          chequers_temple_overflow_statue_of_worship
D:11:     layout_gridville, lair_entry_dummy, david_orc_2,
          lightli_bailey_entry_fortress, serial_bayou, serial_bayou_shore_b,
          serial_bayou_lake_a, serial_bayou_crossing, serial_bayou_lagoon_b,
          uniq_nergalle
D:12:     layout_loops_ring, minivault_16, trog_three_pillars_becter,
          uniq_josephine
Temple:   jpeg_temple_island

Skill      XL: |  1  2  3  4  5  6  7  8  9 10 11 12 |
---------------+-------------------------------------+-----
Shields        | 4 5 6 8 10 11 12 | 12.2
Axes           | 3 4 5 6 7 8 |  8.8
Invocations    | 1 2 3 4 5 7 8 |  8.7
Armour         | 4 5 6 7 8 |  8.9
Fighting       | 4 5 6 7 8 9 |  9.0
Evocations     | 2 4 6 |  6.4

Action                   |  1- 3 |  4- 6 |  7- 9 | 10-12 || total
-------------------------+-------+-------+-------+-------++-------
Melee: War axe           |    74 |   197 |   332 |       ||   603
       Flail             |       |       |    14 |       ||    14
       Hand axe          |       |       |    12 |   407 ||   419
       Bardiche          |       |       |       |    38 ||    38
       Glaive            |       |       |       |    33 ||    33
       Trident           |       |       |       |    13 ||    13
       Battleaxe         |       |       |       |    35 ||    35
       Morningstar       |       |       |       |    16 ||    16
Throw: Dart              |       |       |       |    15 ||    15
Invok: Heroism           |       |       |     8 |    15 ||    23
 Abil: Shaft Self        |       |       |     1 |       ||     1
Evoke: Wand              |       |       |       |     4 ||     4
  Use: Scroll            |       |     1 |       |    15 ||    16
       Potion            |       |       |       |     1 ||     1
Armor: Scale mail        |    28 |       |       |    62 ||    90
       Chain mail        |    17 |    99 |   111 |   129 ||   356
       Swamp dragon scal |       |       |    58 |       ||    58
Dodge: Dodged            |    25 |    79 |   194 |   269 ||   567
Block: Buckler           |     3 |       |       |       ||     3
       Tower shield      |    61 |   185 |   368 |   536 ||  1150

Table legend: (Time is in decaauts)
 A = Elapsed time spent in this place.
 B = Non-inter-level travel time spent in this place.
 C = Inter-level travel time spent in this place.
 D = Time resting spent in this place.
 E = Time spent auto-exploring this place.
 F = Levels seen in this place.
 G = Mean time per level.
                   A        B        C        D        E       F      G
               +--------+--------+--------+--------+--------+-----+--------+
         Total |  15205 |  14723 |    482 |   4505 |   6623 |  14 | 1086.1 |
       Dungeon |  12858 |  12381 |    477 |   3614 |   5797 |  12 | 1071.5 |
        Temple |    249 |    245 |      4 |      0 |    239 |   1 |  249.0 |
        Bailey |   2097 |   2097 |      0 |    891 |    586 |   1 | 2097.0 |
               +--------+--------+--------+--------+--------+-----+--------+

Top non-repeatable levels by time:
  Bailey: 2097 daAuts
     D:9: 1680 daAuts
     D:8: 1676 daAuts
     D:4: 1502 daAuts
    D:11: 1501 daAuts
     D:5: 1119 daAuts
     D:2: 1030 daAuts
     D:3: 956 daAuts
     D:6: 914 daAuts
     D:7: 892 daAuts
     D:1: 630 daAuts
    D:10: 518 daAuts
    D:12: 435 daAuts
  Temple: 249 daAuts
